 Dungeon Crawl Stone Soup version 0.22-a0-422-g9628fc87f1 (webtiles) character file.

210 Kriby the Magician (level 5, 0/37 HPs)
             Began as a Gnoll Wanderer on May 20, 2018.
             Succumbed to a kobold's poison
             ... on level 3 of the Dungeon.
             The game lasted 00:06:42 (3292 turns).

Kriby the Magician (Gnoll Wanderer)                 Turns: 3292, Time: 00:06:42

Health: 0/37       AC:  9    Str: 15    XL:     5   Next: 88%
Magic:  12/12      EV: 14    Int: 19    God:
Gold:   182        SH:  0    Dex: 16    Spells: 10/14 levels left

rFire    + + .     SeeInvis .   w - -1 quarterstaff
rCold    . . .     Gourm    .   (shield currently unavailable)
rNeg     . . .     Faith    .   o - +0 fire dragon scales
rPois    .         Spirit   .   (no helmet)
rElec    .         Reflect  .   q - +0 cloak
rCorr    .         Harm     .   (no gloves)
MR       .....                  (no boots)
Stlth    +.........             (no amulet)
HPRegen  0.12/turn              c - ring of protection from cold
MPRegen  0.13/turn              r - -4 ring of strength

@: brilliant, agile, lethally poisoned (0 -> -10), berserk cooldown, very
slightly contaminated, hasted and slowed
A: distributed training, fangs 1, strong nose
a: no special abilities


You were on level 3 of the Dungeon.
You were not hungry.

You visited 1 branch of the dungeon, and saw 3 of its levels.

You collected 182 gold pieces.

Inventory:

Hand Weapons
 a - a +0 blowgun
 b - a +0 club
 v - a +0 falchion of holy wrath
 w - a -1 quarterstaff (weapon)
Missiles
 i - 25 poisoned needles
Armour
 d - a +0 ring mail of cold resistance
 e - a +0 robe
 o - +0 fire dragon scales (worn)
 q - a +0 cloak (worn)
Jewellery
 c - a ring of protection from cold (left hand)
 m - an uncursed ring of protection from magic
 r - a -4 ring of strength (right hand)
Scrolls
 g - 3 scrolls of identify {unknown}
Potions
 j - a potion of magic
Comestibles
 f - 7 rations {@e1}
 t - 3 chunks of flesh


   Skills:
 + Level 1.6 Fighting
 + Level 1.6 Short Blades
 + Level 1.6 Long Blades
 + Level 1.6 Axes
 + Level 1.6 Maces & Flails
 + Level 1.6 Polearms
 + Level 1.6 Staves
 + Level 1.6 Slings
 + Level 1.6 Bows
 + Level 1.6 Crossbows
 + Level 3.0 Throwing
 + Level 1.6 Armour
 + Level 1.6 Dodging
 + Level 1.6 Stealth
 + Level 3.0 Shields
 + Level 1.6 Unarmed Combat
 + Level 5.2 Spellcasting
 + Level 4.0 Conjurations
 + Level 1.3 Hexes
 + Level 1.3 Charms
 + Level 1.3 Summonings
 + Level 2.4 Necromancy
 + Level 2.4 Translocations
 + Level 1.3 Transmutations
 + Level 4.0 Fire Magic
 + Level 1.3 Ice Magic
 + Level 1.3 Air Magic
 + Level 1.3 Earth Magic
 + Level 1.3 Poison Magic
 + Level 1.8 Invocations
 + Level 1.6 Evocations


You had 10 spell levels left.
You knew the following spells:

 Your Spells              Type           Power        Failure   Level  Hunger
a - Flame Tongue          Conj/Fire      ####.        1%          1    None
c - Conjure Flame         Conj/Fire      ####....     4%          3    ##.....

Your spell library contained the following spells:

 Spells                   Type           Power        Failure   Level  Hunger
 Fireball                 Conj/Fire      ####......   32%         5    #####..
 Throw Flame              Conj/Fire      ####..       2%          2    None
 Sticky Flame             Conj/Fire      ####....     13%         4    ####...
 Regeneration             Chrm/Necr      ###.......   10%         3    ##.....
 Inner Flame              Hex/Fire       ####....     8%          3    ##.....
 Infusion                 Chrm           ###.         4%          1    None


Dungeon Overview and Level Annotations

Branches:
Dungeon (3/15)

Altars:
Ashenzari
Cheibriados
Dithmenos
The Shining One


Innate Abilities, Weirdness & Mutations

Your experience applies equally to all skills.
You have very sharp teeth.
Your uncanny sense of smell can sniff out nearby items.


Message History

You feel sick.
You feel weaker.
Oops, that ring feels deathly cold.
r - a cursed -4 ring of strength (right hand)
As you read the scroll labeled UQIMMU PEUTOXO, it crumbles to dust.
You feel as if something is helping you.
It was a scroll of remove curse.
* * * LOW HITPOINT WARNING * * *
You feel sick.
As you read the scroll labeled RUEPSO MOSOSE, it crumbles to dust.
You assume a fearsome visage.
Nothing appears to happen.
It was a scroll of fear.
* * * LOW HITPOINT WARNING * * *
You feel sick.
Blink to where?
Press: ? - help, Dir - move target cursor You are very lightly contaminated with residual magic.
As you read the scroll labeled VUOCUNAELAEN, it crumbles to dust.
It was a scroll of blinking.
You die...

..............#
#.###.#.# #.##
..............#
#.###.#.# #.##
..............#
#...#..<# #...
..............#
###.###.# ####
###############
#.....#######.
####<......... #####
######################..
..... ............# #...
................@....#
#..# .....
...............# #...
..... ..............#
#... #####
#.............# #...
#_## #.............#
###.
...8##....(........#
#...
....##............^#
###.
...8#..ยง..........#
###[ .
...##.............# #...


There were no monsters in sight!

Vanquished Creatures
  A scorpion (D:3)
  An orc wizard (D:3)
  Terence (D:2)
  A worker ant (D:3)
  3 adders
  A worm (D:2)
  A dart slug (D:1)
  2 leopard geckos (D:1)
  5 orcs (D:3)
  2 ball pythons
  5 bats
  A giant cockroach (D:2)
  4 goblins
  5 hobgoblins
  3 quokkas
  5 frilled lizards
  6 kobolds
  2 rats
49 creatures vanquished.

Notes
Turn   | Place    | Note
-------+----------+-------------------------------------------
     0 | D:1      | Kriby the Gnoll Wanderer began the quest for the Orb.
     0 | D:1      | Kriby set off with: 9 poisoned needles, a +0 blowgun, a +0 robe, a ration {@e1}
     0 | D:1      | Reached XP level 1. HP: 13/13 MP: 6/6
   162 | D:1      | Reached XP level 2. HP: 7/19 MP: 7/7
   617 | D:1      | Learned a level 1 spell: Flame Tongue
   886 | D:2      | Reached skill level 5 in Spellcasting
   886 | D:2      | Reached XP level 3. HP: 24/25 MP: 3/9
  1518 | D:2      | Learned a level 3 spell: Conjure Flame
  1597 | D:2      | Noticed Terence
  1637 | D:2      | Killed Terence
  1637 | D:2      | Reached skill level 1 in Fighting
  1637 | D:2      | Reached skill level 1 in Short Blades
  1637 | D:2      | Reached skill level 1 in Long Blades
  1637 | D:2      | Reached skill level 1 in Axes
  1637 | D:2      | Reached skill level 1 in Maces & Flails
  1637 | D:2      | Reached skill level 1 in Polearms
  1637 | D:2      | Reached skill level 1 in Staves
  1637 | D:2      | Reached skill level 1 in Slings
  1637 | D:2      | Reached skill level 1 in Bows
  1637 | D:2      | Reached skill level 1 in Crossbows
  1637 | D:2      | Reached skill level 1 in Armour
  1637 | D:2      | Reached skill level 1 in Dodging
  1637 | D:2      | Reached skill level 1 in Stealth
  1637 | D:2      | Reached skill level 1 in Unarmed Combat
  1637 | D:2      | Reached skill level 1 in Invocations
  1637 | D:2      | Reached skill level 1 in Evocations
  1637 | D:2      | Reached XP level 4. HP: 23/32 MP: 0/11
  2399 | D:3      | Reached skill level 1 in Hexes
  2399 | D:3      | Reached skill level 1 in Charms
  2399 | D:3      | Reached skill level 1 in Summonings
  2399 | D:3      | Reached skill level 1 in Transmutations
  2399 | D:3      | Reached skill level 1 in Ice Magic
  2399 | D:3      | Reached skill level 1 in Air Magic
  2399 | D:3      | Reached skill level 1 in Earth Magic
  2399 | D:3      | Reached skill level 1 in Poison Magic
  2665 | D:3      | Reached XP level 5. HP: 28/37 MP: 1/12
  2856 | D:3      | Found a shattered altar of Ashenzari.
  2953 | D:3      | Found a shadowy altar of Dithmenos.
  3264 | D:3      | Found a glowing golden altar of the Shining One.
  3286 | D:3      | Found a snail-covered altar of Cheibriados.
  3291 | D:3      | HP: 1/37 [poisoned by a kobold]
  3292 | D:3      | Succumbed to a kobold's poison

Vault maps used:
D:1:      minmay_arrival_four_loops
D:2:      first_ration, uniq_terence
D:3:      nicolae_overflow_hidden_temple

Skill      XL: |  1  2  3  4  5 |
---------------+----------------+-----
Necromancy     | 2 |  2.4
Translocations | 2 |  2.4
Spellcasting   | 5 |  5.2
Fighting       | 1 |  1.6
Short Blades   | 1 |  1.6
Long Blades    | 1 |  1.6
Axes           | 1 |  1.6
Maces & Flails | 1 |  1.6
Polearms       | 1 |  1.6
Staves         | 1 |  1.6
Slings         | 1 |  1.6
Bows           | 1 |  1.6
Crossbows      | 1 |  1.6
Armour         | 1 |  1.6
Dodging        | 1 |  1.6
Stealth        | 1 |  1.6
Unarmed Combat | 1 |  1.6
Invocations    | 1 |  1.8
Evocations     | 1 |  1.6
Hexes          | 1 |  1.3
Charms         | 1 |  1.3
Summonings     | 1 |  1.3
Transmutations | 1 |  1.3
Ice Magic      | 1 |  1.3
Air Magic      | 1 |  1.3
Earth Magic    | 1 |  1.3
Poison Magic   | 1 |  1.3
Throwing       | 3 |  3.0
Shields        | 3 |  3.0
Conjurations   | 4 |  4.0
Fire Magic     | 4 |  4.0

Action                   |  1- 3 |  4- 6 || total
-------------------------+-------+-------++-------
Melee: Club              |    71 |    13 ||    84
       Bite              |     8 |     1 ||     9
 Fire: Blowgun           |    17 |       ||    17
 Cast: Flame Tongue      |    23 |    60 ||    83
  Use: Potion            |       |     5 ||     5
       Scroll            |       |     3 ||     3
  Eat: Chunk             |     2 |     5 ||     7
Armor: Ring mail         |    20 |       ||    20
       Fire dragon scale |    37 |    17 ||    54
Dodge: Dodged            |    56 |    23 ||    79

Table legend:
 A = Spawn XP
 B = Non-spawn XP
 C = Spawn XP percentage of total XP
 D = Spawn monster count
 E = Non-spawn monster count
 F = Spawn count percentage of total count
 G = Total turns spent on level
                    A         B        C        D         E        F      G
               +---------+---------+-------+---------+---------+-------+---------
         Total |       0 |     301 |   0.0 |       0 |      49 |   0.0 |  3292
               +---------+---------+-------+---------+---------+-------+---------
           D:1 |       0 |      22 |   0.0 |       0 |      11 |   0.0 |   812
           D:2 |       0 |      79 |   0.0 |       0 |      20 |   0.0 |  1302
           D:3 |       0 |     200 |   0.0 |       0 |      18 |   0.0 |  1178
               +---------+---------+-------+---------+---------+-------+---------
